 Dungeon Crawl Stone Soup version 0.22-a0-282-gdd34a7dfb5 (webtiles) character file.

2971 Qrupt the Protected (level 10, 0/94 HPs)
             Began as a Halfling Fighter on Mar 18, 2018.
             Was an Initiate of Fedhas.
             Succumbed to Erica's bolt of poison
             ... on level 8 of the Dungeon.
             The game lasted 00:13:47 (6258 turns).

Qrupt the Protected (Halfling Fighter)              Turns: 6258, Time: 00:13:48

Health: 0/94       AC: 25    Str: 19    XL:     10   Next: 8%
Magic:  11/11      EV:  3    Int:  6    God:    Fedhas [......]
Gold:   353        SH:  0    Dex: 21    Spells: 9/9 levels left

rFire    . . .     SeeInvis .   p - +7 dagger
rCold    . . .     Gourm    .   c - +0 shield
rNeg     + + +     Faith    .   (armour currently unavailable)
rPois    +         Spirit   .   (helmet currently unavailable)
rElec    .         Reflect  .   (cloak currently unavailable)
rCorr    .         Harm     .   (gloves currently unavailable)
MR       .....     NoTele   +   (boots currently unavailable)
Stlth    ++........             s - amulet of regeneration
HPRegen  0.65/turn              k - +5 ring of evasion
MPRegen  0.12/turn              (no ring)

@: confused, agile, lethally poisoned (0 -> -4), tree-form, hasted and slowed
A: small, high mp 1, mutation resistance 1
a: Fungal Bloom, Renounce Religion


You were on level 8 of the Dungeon.
You worshipped Fedhas.
Fedhas was noncommittal.
You were not hungry.
You were a tree.
You visited 1 branch of the dungeon, and saw 8 of its levels.

You collected 353 gold pieces.

Inventory:

Hand Weapons
 a - a +0 rapier
 p - a +7 dagger (weapon)
 q - a +0 dagger of venom
Armour
 b - a +0 scale mail
 c - a +0 shield (worn)
 i - a +0 scale mail
 w - the +1 plate armour "Iddug" (melded) {rF+ MP+9 Stlth+}
   (You found it on level 6 of the Dungeon)

   It protects you from fire.
   It affects your magic capacity (+9).
   It makes you more stealthy.
Jewellery
 k - a +5 ring of evasion (left branch)
 s - an amulet of regeneration (around neck)
Wands
 o - a wand of disintegration (10)
 r - a wand of enslavement (14)
 y - a wand of digging (9)
 z - a wand of random effects (38)
Scrolls
 d - a scroll of immolation
 e - a scroll of enchant armour
 h - a scroll of noise
 j - 2 scrolls of identify
 l - 3 scrolls of fear
 m - a scroll of enchant weapon
 u - 3 scrolls of remove curse
 v - a scroll of silence {unknown}
Potions
 n - a potion of curing {unknown}
 A - a potion of ambrosia {unknown}
Comestibles
 f - 19 rations


   Skills:
 + Level 3.7 Fighting
 + Level 6.2 Short Blades
 + Level 8.3 Armour
 + Level 7.5 Dodging
 + Level 8.3 Shields


You had 9 spell levels left.
You didn't know any spells.

Dungeon Overview and Level Annotations

Branches:
Dungeon (8/15)             Temple (0/1) D:7
   Lair: D:8-11

Altars:
Ashenzari
Fedhas
Gozag
Hepliaklqana
Makhleb
Okawaru
Qazlal
Ru
Trog
Wu Jian
Xom
The Shining One

Annotations:
D:5 feamirim's ghost, novice DsFi
D:8 Erica


Innate Abilities, Weirdness & Mutations

You are small and have problems with some larger weapons.
You are somewhat resistant to further mutation.
((You are partially covered in yellow scales. (AC +2)))
You have an increased reservoir of magic. (+10% MP)


Message History

You are confused.
Your shield and plate armour "Iddug" prevent you from hitting something.
Something hits you but does no damage.
You hear some strange, mumbled words.
A bolt of poison appears from out of thin air!
The bolt of poison hits you!
You are more poisoned.
* * * LOW HITPOINT WARNING * * *
You hear some strange, mumbled words.
You feel as though you will be slow longer.
It was a potion of haste.
You feel yourself speed up.
* * * LOW HITPOINT WARNING * * *
You feel very sick.
You hear some strange, mumbled words.
Something tries to affect you, but you resist.
It was a potion of lignification.
You turn into a tree.
The +1 plate armour "Iddug" {rF+ MP+9 Stlth+} melds into your body.
Your roots penetrate the ground.
You die...
Fedhas appreciates your contribution to the ecosystem.

........# ... .....$...
.... ........# .....
........# .............
........###.<...........
........................
#.....{$..............
#....♣................
#.....................
#.....................
#.....................
#.....................
#########..........††.
#.............
########'##### #.##...


There were no monsters in sight!

Vanquished Creatures
  A hornet (D:8)
  Grinder (D:3)
  Sigmund (D:6)
  Menkaure (D:6)
  Duvessa (D:6)
  A black bear (D:8)
  An orc warrior (D:6)
  A phantom (D:8)
  2 ogres (D:5)
  3 centaurs
  A big kobold (D:8)
  3 bullfrogs
  Dowan (D:6)
  2 howler monkeys
  3 crimson imps
  2 orc priests
  7 hounds
  3 bullfrog skeletons
  6 orc wizards
  2 iguanas
  Ijyb (D:3)
  Terence (D:3)
  6 worker ants
  2 hound skeletons
  9 adders
  A white imp (D:6)
  An ooze (D:4)
  2 adder skeletons
  3 dart slugs
  4 leopard geckos
  22 orcs
  8 bats
  6 giant cockroaches
  8 goblins
  12 hobgoblins
  10 jackals
  A quokka (D:7)
  4 ball pythons
  2 frilled lizards (D:1)
  A goblin skeleton (D:6)
  3 goblin zombies (D:6)
  A hobgoblin zombie (D:6)
  5 kobolds
  3 kobold skeletons (D:6)
  An orc zombie (D:6)
  11 rats
171 creatures vanquished.

Notes
Turn   | Place    | Note
-------+----------+-------------------------------------------
     0 | D:1      | Qrupt the Halfling Fighter began the quest for the Orb.
     0 | D:1      | Reached XP level 1. HP: 15/15 MP: 1/1
    57 | D:1      | Reached XP level 2. HP: 18/20 MP: 2/2
   223 | D:1      | Reached XP level 3. HP: 23/25 MP: 3/3
   856 | D:2      | Reached XP level 4. HP: 30/30 MP: 4/4
   884 | D:2      | Reached skill level 5 in Short Blades
   940 | D:2      | Found a sacrificial altar of Ru.
  1038 | D:2      | Found an iron altar of Okawaru.
  1214 | D:3      | Reached skill level 1 in Dodging
  1214 | D:3      | Reached XP level 5. HP: 35/35 MP: 5/5
  1290 | D:3      | Noticed Ijyb
  1306 | D:3      | Killed Ijyb
  1724 | D:3      | Noticed Grinder
  1876 | D:4      | Reached XP level 6. HP: 37/41 MP: 6/6
  2535 | D:4      | Found a blossoming altar of Fedhas.
  2586 | D:4      | Found a bloodstained altar of Trog.
  2651 | D:4      | Became a worshipper of Fedhas Madash
  2730 | D:5      | Entered Level 5 of the Dungeon
  2730 | D:5      | Noticed feamirim's ghost (novice DsFi)
  2741 | D:4      | Reached XP level 7. HP: 45/45 MP: 7/7
  2816 | D:3      | Noticed Terence
  2831 | D:3      | Killed Terence
  2991 | D:3      | Reached skill level 5 in Armour
  3122 | D:3      | Paralysed by Grinder for 6 turns
  3129 | D:3      | Killed Grinder
  3129 | D:3      | Reached skill level 5 in Shields
  3387 | D:5      | Found a shimmering altar of Xom.
  3401 | D:5      | Reached XP level 8. HP: 51/51 MP: 8/8
  3451 | D:5      | Gained mutation: You have an increased reservoir of magic. (+10% MP) [potion of mutation]
  3451 | D:5      | Gained mutation: You are partially covered in yellow scales. (AC +2) [potion of mutation]
  3660 | D:5      | Reached skill level 5 in Dodging
  4268 | D:6      | Noticed Menkaure
  4287 | D:6      | Killed Menkaure
  4287 | D:6      | Reached XP level 9. HP: 15/55 MP: 9/9
  4429 | D:6      | Got a crude plate armour
  4448 | D:6      | Identified the +1 plate armour "Iddug" {rF+ MP+9 Stlth+} (You found it on level 6 of the Dungeon)
  4537 | D:6      | Noticed Sigmund
  4567 | D:6      | Killed Sigmund
  4629 | D:6      | Found a glowing golden altar of the Shining One.
  4632 | D:6      | Noticed Duvessa
  4632 | D:6      | Noticed Dowan
  4689 | D:6      | Killed Dowan
  4691 | D:6      | Killed Duvessa
  4994 | D:6      | Found an ornate altar of the Wu Jian Council.
  5011 | D:6      | Found an opulent altar of Gozag.
  5079 | D:6      | Found a shattered altar of Ashenzari.
  5080 | D:6      | Found a hazy altar of Hepliaklqana.
  5321 | D:7      | Found a staircase to the Ecumenical Temple.
  5621 | D:7      | Found a stormy altar of Qazlal.
  6015 | D:8      | Noticed a hornet
  6027 | D:8      | Paralysed by a hornet for 2 turns
  6037 | D:8      | Killed a hornet
  6037 | D:8      | Reached XP level 10. HP: 38/63 MP: 11/11
  6151 | D:8      | Found a burning altar of Makhleb.
  6233 | D:8      | Noticed Erica
  6256 | D:8      | HP: 3/63 [something/bolt of poison (27)]
  6257 | D:8      | HP: 1/63 [poisoned by Erica (bolt of poison)]
  6258 | D:8      | Succumbed to Erica's bolt of poison

Vault maps used:
D:1:      onia_arrival_larder
D:2:      nicolae_ru_awakened_eye, kennysheep_okawaru_gauntlet
D:3:      guppyfry_early_orc_mine, uniq_terence, uniq_grinder, uniq_ijyb
D:4:      nicolae_overflow_crystal_walls, first_ration, fedhas_altar_2
D:5:      basic_altar, minmay_misc_feat_encased
D:6:      nicolae_tso_besieged_by_evil, gammafunk_temple_overflow_pools,
          chequers_temple_overflow_statue_of_worship, corexii_leaking_fountain,
          uniq_menkaure, uniq_duvessa, uniq_sigmund
D:7:      cheibrodos_quashed, lemuel_coloured_pillars_altar,
          minmay_temple_entry_purple_smoke
D:8:      marbit_many_paths, serial_shops, shop, uniq_erica

Skill      XL: |  1  2  3  4  5  6  7  8  9 |
---------------+----------------------------+-----
Short Blades   | 3 4 5 6 |  6.2
Dodging        | 1 2 3 4 6 7 |  7.5
Armour         | 4 5 7 8 |  8.3
Shields        | 4 5 7 8 |  8.3
Fighting       | 3 |  3.7

Action                   |  1- 3 |  4- 6 |  7- 9 | 10-12 || total
-------------------------+-------+-------+-------+-------++-------
Melee: Rapier            |   124 |   115 |    14 |       ||   253
       Dagger            |       |   132 |   501 |    63 ||   696
Evoke: Wand              |       |       |     4 |       ||     4
  Use: Potion            |       |       |     2 |     3 ||     5
       Scroll            |       |       |    10 |       ||    10
 Stab: Distracted        |       |       |     1 |       ||     1
  Eat: Chunk             |       |     3 |    11 |     1 ||    15
       Ration            |       |     1 |       |       ||     1
Armor: Scale mail        |    51 |    41 |    39 |       ||   131
       Plate armour      |       |       |    57 |    11 ||    68
Dodge: Dodged            |    46 |   144 |   209 |    14 ||   413
Block: Shield            |    66 |   109 |   262 |    21 ||   458

Table legend:
 A = Spawn XP
 B = Non-spawn XP
 C = Spawn XP percentage of total XP
 D = Spawn monster count
 E = Non-spawn monster count
 F = Spawn count percentage of total count
 G = Total turns spent on level
                    A         B        C        D         E        F      G
               +---------+---------+-------+---------+---------+-------+---------
         Total |       0 |    4245 |   0.0 |       0 |     171 |   0.0 |  6258
               +---------+---------+-------+---------+---------+-------+---------
           D:1 |       0 |      56 |   0.0 |       0 |      32 |   0.0 |   755
           D:2 |       0 |      54 |   0.0 |       0 |      17 |   0.0 |   390
           D:3 |       0 |     511 |   0.0 |       0 |      34 |   0.0 |   968
           D:4 |       0 |     301 |   0.0 |       0 |      17 |   0.0 |  1190
           D:5 |       0 |     881 |   0.0 |       0 |      20 |   0.0 |   896
           D:6 |       0 |    1051 |   0.0 |       0 |      23 |   0.0 |  1098
           D:7 |       0 |     456 |   0.0 |       0 |      10 |   0.0 |   579
           D:8 |       0 |     935 |   0.0 |       0 |      18 |   0.0 |   382
               +---------+---------+-------+---------+---------+-------+---------
